 Dungeon Crawl Stone Soup version 0.17.0-9-g801d43b (webtiles) character file.

914 HungrySpirit the Slicer (level 7, -1/45 HPs)
             Began as a High Elf Assassin on Nov 9, 2015.
             Slain by Aelig's ghost (6 damage)
             ... on level 5 of the Dungeon.
             The game lasted 00:15:50 (5719 turns).

HungrySpirit the Slicer (High Elf Assassin)         Turns: 5719, Time: 00:15:50

Health: -1/45      AC:  7    Str: 10    XL:     7   Next: 82%
Magic:  8/8        EV: 14    Int: 16    God:
Gold:   304        SH:  0    Dex: 18    Spells: 0 memorised, 6 levels left

rFire  + . .     SeeInvis .     u - +2 dagger (elec)
rCold  + + .     Clarity  .     A - +2 leather armour {rC+}
rNeg   . . .     SustAt   .     (no shield)
rPois  +         Gourm    .     j - +0 helmet
rElec  +         Spirit   .     d - +0 cloak
rCorr  +         Warding  .     (no gloves)
rMut   .         Stasis   .     (no boots)
MR     .....                    (no amulet)
Stlth  +++.......               (no ring)
                                (no ring)

@: resistant, not resistant to hostile enchantments, fairly stealthy
A: no striking features
a: no special abilities


You were on level 5 of the Dungeon.
You were hungry.

You visited 1 branch of the dungeon, and saw 5 of its levels.

You collected 304 gold pieces.

Inventory:

Hand Weapons
 b - a +0 blowgun
 u - a +2 dagger of electrocution (weapon)
 C - a +0 long sword
Missiles
 e - 35 poisoned needles
 f - 2 curare-tipped needles
Armour
 c - a pearl dragon hide
 d - a +0 cloak (worn)
 j - a +0 helmet (worn)
 A - a +2 leather armour of cold resistance (worn)
Jewellery
 r - an uncursed ring of teleportation
Scrolls
 i - 5 scrolls of identify
 k - a scroll of immolation {unknown}
 l - a scroll of enchant armour {unknown}
 s - 2 scrolls of amnesia
 w - a scroll of recharging {unknown}
 y - 2 scrolls of magic mapping {unknown}
 z - a scroll of enchant weapon {unknown}
Potions
 h - 3 potions of brilliance
 m - a potion of resistance
 p - 2 potions of ambrosia
 q - 2 potions of agility
 B - a potion of mutation
Comestibles
 a - a beef jerky
 g - 3 bread rations
 n - a royal jelly
 o - 3 meat rations
 v - 3 fruits


   Skills:
 - Level 2.0 Fighting
 * Level 8.1 Short Blades
 - Level 2.0 Throwing
 + Level 4.8 Dodging
 + Level 6.8 Stealth


You had 6 spell levels left.
You didn't know any spells.

Dungeon Overview and Level Annotations

Branches:
Dungeon (5/15)
 Temple: D:4-7

Altars:

Annotations:
D:5 Aelig's ghost, novice DrTm


Message History

Aelig's ghost hits you!
* * * LOW HITPOINT WARNING * * *
Drink which item? (? for menu, Esc to quit)
Okay, then.
Read which item? (? for menu, Esc to quit)
Okay, then.
Drink which item? (? for menu, Esc to quit)
You feel protected.
Aelig's ghost breathes negative energy at you.
The bolt of negative energy misses you.
You hit Aelig's ghost.
There is a sudden explosion of sparks!
Aelig's ghost is severely damaged.
You hit Aelig's ghost.
Aelig's ghost is severely damaged.
Aelig's ghost hits you.
* * * LOW HITPOINT WARNING * * *
You barely miss Aelig's ghost.
Aelig's ghost is severely damaged.
Aelig's ghost hits you.
You die...

#.............# #..#
#.#.#####.....## #..#
####....####......####
#..#
........W.............
...#
####....######.#.####
##..# #.#.#######.#.#
...#
..W...$.........o#
#.##
W###.###...###.#W# #.#
#.. ........#@# ###
..#####.# .## #.# #
#.# #.# #(. ... ###


You could see Aelig's ghost and an orc.

Vanquished Creatures
  Grinder (D:5)
  Eustachio (D:4)
  A water moccasin (D:5)
  A centaur skeleton (D:4)
  6 orc wizards
  Natasha (thrice) (D:4)
  A worker ant (D:5)
  4 adders (D:2)
  4 gnolls (D:3)
  A shadow imp (D:2)
  An ooze (D:3)
  An adder zombie (D:5)
  4 worms
  2 giant geckos
  12 orcs
  7 bats
  4 giant cockroaches
  9 hobgoblins
  13 jackals
  11 kobolds
  3 quokkas
  4 giant newts
  12 goblins
  A quokka skeleton (D:4)
  7 rats
114 creatures vanquished.

Vanquished Creatures (others)
  An orc (D:5)
1 creature vanquished.

Grand Total: 115 creatures vanquished

Notes
Turn   | Place    | Note
--------------------------------------------------------------
     0 | D:1      | HungrySpirit the High Elf Assassin began the quest for the Orb.
     0 | D:1      | Reached XP level 1. HP: 14/14 MP: 2/2
   336 | D:1      | Reached XP level 2. HP: 16/19 MP: 3/3
  1175 | D:2      | Reached XP level 3. HP: 24/24 MP: 4/4
  1769 | D:2      | Reached XP level 4. HP: 24/29 MP: 5/5
  2303 | D:2      | Reached skill level 5 in Stealth
  3169 | D:3      | Reached XP level 5. HP: 34/34 MP: 6/6
  3226 | D:3      | Reached skill level 5 in Short Blades
  3970 | D:4      | Noticed Natasha
  3974 | D:4      | Killed Natasha
  3974 | D:4      | Reached XP level 6. HP: 39/39 MP: 7/7
  4052 | D:4      | Noticed Eustachio
  4067 | D:4      | Killed Eustachio
  4067 | D:4      | Reached skill level 6 in Short Blades
  4389 | D:4      | Noticed Natasha
  4393 | D:4      | Killed Natasha
  4402 | D:4      | Noticed Natasha
  4413 | D:4      | Killed Natasha
  4763 | D:5      | Entered Level 5 of the Dungeon
  4775 | D:5      | Noticed Aelig's ghost (novice DrTm)
  4805 | D:5      | Reached XP level 7. HP: 40/45 MP: 8/8
  4991 | D:5      | Reached skill level 7 in Short Blades
  5057 | D:5      | Noticed Grinder
  5369 | D:5      | Noticed a water moccasin
  5469 | D:5      | Paralysed by Grinder for 3 turns
  5488 | D:5      | Killed Grinder
  5681 | D:5      | Killed a water moccasin
  5681 | D:5      | Reached skill level 8 in Short Blades
  5719 | D:5      | Slain by Aelig's ghost

Action                   |  1- 3 |  4- 6 |  7- 9 || total
-------------------------+-------+-------+-------++-------
Melee: Dagger            |   161 |   240 |    76 ||   477
 Fire: Blowgun           |     8 |    29 |       ||    37
  Use: Scroll            |     4 |     2 |     6 ||    12
       Potion            |       |       |     5 ||     5
 Stab: Sleeping          |     3 |     7 |     1 ||    11
       Distracted        |       |     3 |       ||     3
  Eat: Chunk             |     3 |     9 |     3 ||    15
